 Dungeon Crawl Stone Soup version 0.31-a0-1139-gec03705108 (webtiles) character file.

Game seed: 17819064858583778911

54019 GreatBamboolord the Thaumaturge (level 14, -6/88 HPs)
             Began as a Deep Elf Earth Elementalist on Dec 5, 2023.
             Was a High Priest of Ashenzari.
             Killed from afar by a will-o-the-wisp (22 damage)
             ... with a foxfire
             ... on level 2 of the Lair of Beasts on Dec 6, 2023.
             The game lasted 00:58:04 (23305 turns).

GreatBamboolord the Thaumaturge (DEEE)             Turns: 23305, Time: 00:58:04

Health: -6/88      AC: 10    Str:  5    XL:     14   Next: 33%
Magic:  27/37      EV: 20    Int: 35    God:    Ashenzari [*****.]
Gold:   235        SH:  0    Dex: 15    Spells: 8/47 levels left

rFire   . . .        c - +5 dagger "I Knew You'd Do That" {holy, Bglg, Alch} (curse)
rCold   + . .        F - orb "I Foresaw This" {*channel, Bglg, Self} (curse)
rNeg    + . .        l - +2 robe of Ashenzari's Comet {rC+, Fort, Cun} (curse)
rPois   .            N - +1 helmet of Uskayaw's Grace {rN+ Int+3}
rElec   .            d - +0 cloak of Ashenzari's Planets {Elem, Comp} (curse)
rCorr   .            R - +0 pair of gloves "Share My Regret" {Self, Alch} (curse)
SInv    +            z - +1 pair of boots of the Ruined Heresy {Bglg, Comp} (curse)
Will    +....        v - amulet "At What Cost Knowledge?" {RegenMP, Alch, Elem} (curse)
Stlth   +++++        Y - +6 ring of intelligence
HPRegen 0.34/turn    y - ring of Star-Bound Wisdom {Wiz, Fort, Bglg} (curse)
MPRegen 0.65/turn

%: clarity, wizardry (x1), channel magic (20%)
@: no status effects
A: no striking features
a: Renounce Religion, Shatter the Chains


You were on level 2 of the Lair of Beasts.
You worshipped Ashenzari.
Ashenzari was extremely pleased with you.
You visited 5 branches of the dungeon, and saw 21 of its levels.
You also visited: Ossuary.

You collected 1595 gold pieces.
You spent 1360 gold pieces at shops.

Inventory:

Hand Weapons
 c - the cursed +5 dagger "I Knew You'd Do That" (weapon) {holy, Bglg, Alch}
   (You took it off a goblin on level 1 of the Dungeon)

   It has a curse which improves the following skills: Beguiling: Conjurations,
   Hexes and Translocations.
   Alchemy:   Poison Magic and Transmutations.
 E - a +3 trident of draining
Missiles
 n - 11 atropa-tipped darts
 D - 3 throwing nets
Armour
 d - the cursed +0 cloak of Ashenzari's Planets (worn) {Elem, Comp}
   (You took it off Crazy Yiuf on level 4 of the Dungeon)

   It has a curse which improves the following skills: Elements: Fire Magic, Ice
   Magic, Air Magic and Earth Magic.
   Companions: Summonings and Necromancy.
 i - a +1 robe of willpower
 l - the cursed +2 robe of Ashenzari's Comet (worn) {rC+, Fort, Cun}
   (You took it off Fannar on level 12 of the Dungeon)

   It has a curse which improves the following skills: Fortitude: Armour and
   Shields.
   Cunning:   Dodging and Stealth.
 r - a scarf of resistance
 z - the cursed +1 pair of boots of the Ruined Heresy (worn) {Bglg, Comp}
   (You found it on level 6 of the Dungeon)

   It has a curse which improves the following skills: Beguiling: Conjurations,
   Hexes and Translocations.
   Companions: Summonings and Necromancy.
 F - the cursed orb "I Foresaw This" (worn) {*channel, Bglg, Self}
   (You took it off Jeremiah on level 7 of the Dungeon)

   It has a curse which improves the following skills: Beguiling: Conjurations,
   Hexes and Translocations.
   Introspection: Fighting and Spellcasting.
 N - the +1 helmet of Uskayaw's Grace (worn) {rN+ Int+3}
   (You acquired it on level 2 of the Orcish Mines)

   Int+3:     It affects your intelligence (+3).
   rN+:       It protects you from negative energy.
 R - the cursed +0 pair of gloves "Share My Regret" (worn) {Self, Alch}
   (You found it on level 11 of the Dungeon)

   It has a curse which improves the following skills: Introspection: Fighting
   and Spellcasting.
   Alchemy:   Poison Magic and Transmutations.
Jewellery
 v - the cursed amulet "At What Cost Knowledge?" (around neck) {RegenMP, Alch, Elem}
   (You bought it in a shop on level 10 of the Dungeon)

   [amulet of magic regeneration]

   RegenMP:   It increases your rate of magic regeneration.
   It has a curse which improves the following skills: Alchemy: Poison Magic and
   Transmutations.
   Elements:  Fire Magic, Ice Magic, Air Magic and Earth Magic.
 y - the cursed ring of Star-Bound Wisdom (right hand) {Wiz, Fort, Bglg}
   (You found it on level 6 of the Dungeon)

   [ring of wizardry]

   Wiz:       It improves your spell success rate.
   It has a curse which improves the following skills: Fortitude: Armour and
   Shields.
   Beguiling: Conjurations, Hexes and Translocations.
 I - a ring of flight
 M - a ring of ice
 V - a ring of protection from cold
 Y - a +6 ring of intelligence (left hand)
Wands
 k - a wand of iceblast (21)
 x - a wand of mindburst (19)
 H - a wand of digging (5)
 L - a wand of flame (9)
 P - a wand of acid (4)
 T - a wand of paralysis (11)
 Z - a wand of polymorph (4)
Scrolls
 a - 3 scrolls of summoning
 f - 4 scrolls of amnesia
 m - a scroll of fog
 q - 3 scrolls of poison
 t - 2 scrolls of vulnerability
 u - 2 scrolls of revelation
 C - 2 scrolls of immolation
 K - a scroll of blinking
 O - 2 scrolls of enchant weapon
 Q - 2 scrolls of fear
 S - 6 scrolls of teleportation
 U - a scroll of torment
Potions
 b - a potion of heal wounds
 g - 5 potions of curing
 h - 7 potions of haste
 j - 3 potions of might
 o - 4 potions of mutation
 p - 3 potions of berserk rage
 s - 3 potions of enlightenment
 w - a potion of cancellation
 B - 2 potions of brilliance
 G - 2 potions of resistance
 J - 10 potions of ambrosia
Miscellaneous
 W - a lightning rod (4/4)


   Skills:
 * Level 7.4(10.6) Fighting
 * Level 13.1(15.2) Dodging
 - Level 9.0(11.1) Stealth
 * Level 14.3(17.4) Spellcasting
 * Level 11.5(16.5) Conjurations
 + Level 3.8(8.2) Translocations
 - Level 5.0(8.9) Transmutations
 + Level 5.5(8.6) Ice Magic
 + Level 3.7(6.5) Air Magic
 * Level 12.3(15.4) Earth Magic


You had 8 spell levels left.
You knew the following spells:

 Your Spells              Type           Power      Damage    Failure   Level
a - Sandblast             Erth           100%       2d20      1%          1
b - Passwall              Tmut/Erth      71%        N/A       1%          2
c - Stone Arrow           Conj/Erth      100%       3d13      1%          3
d - Brom's Barrelling Bo  Conj/Erth      97%        2d11      1%          4
e - Petrify               Tmut/Erth      86%        N/A       1%          4
f - Blink                 Tloc           100%       N/A       1%          2
g - Ozocubu's Armour      Ice            74%        N/A       1%          3
h - Hailstorm             Conj/Ice       87%        3d14      1%          3
i - Iskenderun's Mystic   Conj/Tloc      87%        2d17      1%          4
j - Freezing Cloud        Conj/Ice/Air   40%        6-21      1%          5
k - Lesser Beckoning      Tloc           100%       N/A       1%          2
l - Dispersal             Tloc           36%        N/A       7%          6

Your spell library contained the following spells:

 Spells                   Type           Power      Damage    Failure   Level
 Cigotuvi's Dreadful Rot  Necr/Pois/Air  96%        N/A       1%          2
 Momentum Strike          Conj/Tloc      100%       3d10      1%          2
 Gell's Gravitas          Tloc           73%        N/A       1%          3
 Ignite Poison            Fire/Tmut/Pois 52%        N/A       1%          3
 Teleport Other           Tloc           73%        N/A       1%          3
 Volatile Blastmotes      Fire/Tloc      100%       2d18      1%          3
 Flame Wave               Conj/Fire      74%        2d16      1%          4
 Fulminant Prism          Conj/Hex       37%        3d17      1%          4
 Scorch                   Fire           66%        2d7       2%          2
 Summon Ice Beast         Ice/Summ       58%        N/A       3%          4
 Metabolic Englaciation   Hex/Ice        29%        N/A       6%          5
 Simulacrum               Ice/Necr       29%        N/A       22%         6
 Summon Cactus Giant      Summ           16%        N/A       65%         6


Dungeon Overview and Level Annotations

Branches:
Dungeon (12/15)            Temple (1/1) D:7            Lair (5/5) D:9
  Swamp (1/4) Lair:2       Spider (0/4) Lair:3        Slime (0/5) Lair:4
    Orc (2/2) D:10            Elf (0/3) Orc:2       Ossuary (visited)

Altars:
Ashenzari
Cheibriados
Dithmenos
Elyvilon
Fedhas
Gozag
Hepliaklqana
Kikubaaqudgha
Makhleb
Nemelex Xobeh
Okawaru
Qazlal
Ru
Sif Muna
Trog
Uskayaw
Vehumet
Wu Jian
Xom
Yredelemnul
Zin
The Shining One

Shops:
D:2 (   D:8 (   D:10 *   D:11 :   Orc:1 [   Orc:2 ?[=?[

Annotations:
Lair:4 1 runed translucent door, exclusion: 3 oklob plants


Message History

The swamp worm fires a harpoon shot at you.
The harpoon shot misses you.
The harpoon shot hits the alligator!
The foxfire hits you!!
Unknown command.
Casting: Iskenderun's Mystic Blast (mildly dangerous; 1% risk of failure)
Confirm with . or Enter, or press ? or * to list all spells.
You erupt in a blast of force!
The mystic blast hits the alligator!!
The alligator is moderately wounded.
The alligator is knocked back by the mystic blast.
The mystic blast hits the alligator!
You kill the alligator!
The will-o-the-wisp gestures.
The will-o-the-wisp conjures some marshlight! 2 foxfires come into view.
Blink to where?
Press: ? - help, Dir - move target
As you read the scroll of blinking, it crumbles to dust.
The foxfire hits you!!
* * * LOW HITPOINT WARNING * * *
The swamp drake breathes poison at you.
The noxious blast engulfs the eight-headed hydra but does no damage.
The eight-headed hydra is poisoned.
The foxfire hits you but does no damage.
The will-o-the-wisp completely misses you.
You climb upwards.
Welcome back to the Lair of Beasts!
There is a staircase to the Swamp, spattered with blood here.
You feel much better.
The will-o-the-wisp gestures.
The will-o-the-wisp conjures some marshlight! 2 foxfires come into view.
Casting: Iskenderun's Mystic Blast (mildly dangerous; 1% risk of failure)
Confirm with . or Enter, or press ? or * to list all spells.
You erupt in a blast of force!
The mystic blast hits the will-o-the-wisp!
The will-o-the-wisp is heavily damaged.
The will-o-the-wisp is knocked back by the mystic blast.
The foxfire hits you!
* * * LOW HITPOINT WARNING * * *
The foxfire hits you!!
You die...

.........##
###..................
.##P.....#
#...#####..#..#....
###P.....## #..##
#########.. ##.....P# #.##
#... ##......# ##.# ##..
#P......# ♣..# ***** #..
####......# #♣♣♣ *,*,### #..
.........## ♣♣♣♣**,,..## #..
....P##P.# ♣@§♣♣♣*,...* ##..
...####### ♣vv~~♣♣*..#* #...
...## ♣♣§~÷~♣♣..# #... ....#
###♣ ♣~~~~P♣..# #... ....###
###..#♣♣♣~~P~♣..# #...
...P#.####......♣♣♣PPP~♣**
##..
.................♣♣♣♣~~♣ #..
.#.###..##...........♣♣♣
##.. ####
#####...........♣.#######...


You could see a will-o-the-wisp.

Vanquished Creatures
  Fannar (D:12)
  Josephine (D:11)
  3 hydras
  2 alligators
  A catoblepas (Lair:5)
  2 two-headed ogres
  9 death yaks
  A boulder beetle (D:11)
  A deep troll shaman (Lair:5)
  3 orc high priests (Orc:2)
  Urug (Lair:2)
  Amaemon (Lair:1)
  Sonja (Lair:4)
  Pikel (D:6)
  An orc knight (Orc:2)
  6 orc sorcerers (Orc:2)
  A cyclops (D:10)
  3 black mambas
  5 elephants
  An orange demon (Lair:1)
  4 gargoyles
  Jeremiah (D:7)
  6 cane toads
  2 rime drakes
  2 kobold demonologists (D:10)
  6 komodo dragons
  6 trolls
  A queen bee (D:9)
  3 polar bears (Lair:5)
  Grinder (D:6)
  3 tyrant leeches
  5 blink frogs (Lair:1)
  Sigmund (D:2)
  10 slime creatures (D:12)
  2 wyverns
  9 wraiths
  37 yaks
  4 basilisks
  A steam dragon (D:6)
  Menkaure (D:7)
  5 wargs
  2 acid dragons
  A swamp worm (Lair:2)
  8 water moccasins
  A swamp drake (Lair:2)
  A black bear (D:6)
  17 orc warriors
  3 sky beasts
  6 ogres
  2 ice beasts
  6 wolves (Lair:5)
  2 centaurs (D:5)
  A lemure (D:6)
  2 phantoms
  6 kobold brigands
  15 bullfrogs
  A gnoll sergeant (D:6)
  A necrophage (D:5)
  5 scorpions
  14 wights
  A water moccasin zombie (D:5)
  35 killer bees
  7 howler monkeys
  2 electric eels (Lair:5)
  5 bullfrog zombies (D:5)
  2 centaur zombies (Ossuary)
  3 jellies
  5 hounds
  3 human zombies
  23 orc priests
  Crazy Yiuf (D:4)
  4 iguanas
  Jessica (D:3)
  Natasha (thrice) (D:2)
  48 orc wizards
  A hound zombie (D:5)
  2 mummies (Ossuary)
  2 howler monkey zombies (D:5)
  14 gnolls
  7 adders
  A white imp (D:5)
  3 adder zombies (Ossuary)
  3 worms (D:2)
  2 dart slugs
  76 orcs
  5 endoplasms
  2 giant cockroaches (D:2)
  7 goblins
  7 hobgoblins
  4 jackals (D:2)
  4 quokkas
  9 ball pythons
  5 bats
  3 frilled lizards
  3 goblin zombies (Ossuary)
  10 hobgoblin zombies (Ossuary)
  A jackal zombie (Ossuary)
  34 kobolds
  8 kobold zombies (Ossuary)
  7 orc zombies (Ossuary)
  2 rats (D:1)
  A rat zombie (Ossuary)
615 creatures vanquished.

Vanquished Creatures (collateral kills)
  4 killer bees (D:9)
  24 boulders
28 creatures vanquished.

Vanquished Creatures (others)
  25 boulders
  7 foxfires
32 creatures vanquished.

Grand Total: 675 creatures vanquished

Notes
Turn   | Place    | Note
-------+----------+-------------------------------------------
     0 | D:1      | GreatBamboolord the Deep Elf Earth Elementalist began the
                  | quest for the Orb.
     0 | D:1      | Reached XP level 1. HP: 10/10 MP: 6/6
   172 | D:1      | Reached XP level 2. HP: 15/15 MP: 6/8
   476 | D:1      | You fall into a shaft and drop 1 floor!
   600 | D:1      | Found a faded altar of an unknown god.
  1096 | D:1      | Prayed at the altar of an unknown god.
  1096 | D:1      | Became a worshipper of Ashenzari the Shackled
  1196 | D:2      | Reached XP level 3. HP: 12/20 MP: 3/9
  1286 | D:2      | Noticed Natasha
  1290 | D:2      | Killed Natasha
  1388 | D:2      | Noticed Natasha
  1394 | D:2      | Killed Natasha
  1395 | D:2      | Reached XP level 4. HP: 24/24 MP: 7/11
  1454 | D:2      | Noticed Sigmund
  1463 | D:2      | Killed Sigmund
  1464 | D:2      | Reached skill level 1 in Fighting
  1464 | D:2      | Reached skill level 4 in Spellcasting
  1464 | D:2      | Reached XP level 5. HP: 8/29 MP: 8/13
  1571 | D:2      | Reached XP level 6. HP: 34/34 MP: 9/15
  1589 | D:2      | Noticed Natasha
  1593 | D:2      | Killed Natasha
  1651 | D:2      | Learned a level 2 spell: Passwall
  1655 | D:2      | Learned a level 3 spell: Stone Arrow
  2026 | D:2      | Found Taduf's Weapon Shop.
  2347 | D:3      | Found a white marble altar of Elyvilon.
  2401 | D:3      | Found a broken altar of Ashenzari.
  2401 | D:3      | Noticed Jessica
  2405 | D:3      | Killed Jessica
  2409 | D:3      | Reached skill level 5 in Spellcasting
  2419 | D:3      | Found a blossoming altar of Fedhas.
  2955 | D:3      | Reached skill level 1 in Conjurations
  3354 | D:4      | Reached XP level 7. HP: 2/39 MP: 4/16
  3507 | D:4      | Found a runed translucent door.
  3508 | D:4      | Noticed Crazy Yiuf
  3513 | D:4      | Killed Crazy Yiuf
  3514 | D:4      | Reached skill level 5 in Earth Magic
  3588 | D:4      | Reached skill level 5 in Dodging
  3815 | D:4      | Reached * piety under Ashenzari
  4207 | D:5      | Entered Level 5 of the Dungeon
  4227 | D:5      | Found a hide-covered altar of Uskayaw.
  4389 | D:5      | Reached skill level 6 in Spellcasting
  4391 | D:5      | Reached XP level 8. HP: 7/44 MP: 10/19
  4393 | D:5      | HP: 2/44 [phantom (4)]
  4518 | D:5      | Found a sand-covered staircase.
  4522 | Ossuary  | Entered an ossuary
  5220 | D:5      | Found an ancient bone altar of Kikubaaqudgha.
  5226 | D:5      | Reached skill level 7 in Spellcasting
  5253 | D:5      | Reached skill level 5 in Stealth
  5314 | D:5      | Reached XP level 9. HP: 45/49 MP: 16/22
  5348 | D:5      | Learned a level 4 spell: Brom's Barrelling Boulder
  5353 | D:5      | Learned a level 4 spell: Petrify
  5980 | D:6      | Noticed Grinder
  5987 | D:6      | Killed Grinder
  5997 | D:6      | Reached skill level 8 in Spellcasting
  5997 | D:6      | Reached skill level 5 in Conjurations
  6724 | D:6      | Noticed Pikel
  6733 | D:6      | Killed Pikel
  6935 | D:7      | Noticed Menkaure
  6939 | D:7      | Killed Menkaure
  6940 | D:7      | Reached XP level 10. HP: 56/56 MP: 17/24
  6989 | D:7      | Noticed Jeremiah
  7028 | D:7      | Reached skill level 9 in Spellcasting
  7287 | D:7      | Killed Jeremiah
  7288 | D:7      | Reached skill level 5 in Transmutations
  7365 | D:7      | Found a staircase to the Ecumenical Temple.
  7545 | D:7      | Reached ** piety under Ashenzari
  7896 | Temple   | Entered the Ecumenical Temple
  8923 | D:8      | Found a basalt altar of Yredelemnul.
  8923 | D:8      | Found a stormy altar of Qazlal.
  9455 | D:8      | Found Ragolui's Antique Weapon Shoppe.
  9748 | D:9      | Reached skill level 10 in Spellcasting
 10198 | D:9      | Reached XP level 11. HP: 11/62 MP: 0/27
 10563 | D:9      | Identified the +1 leather armour of the Skies Above
                  | {Rampage}
 10595 | D:9      | Reached *** piety under Ashenzari
 10851 | D:9      | Noticed a two-headed ogre
 10871 | D:9      | Killed a two-headed ogre
 11111 | D:9      | Found a staircase to the Lair.
 11201 | D:9      | Learned a level 2 spell: Blink
 11692 | D:10     | Entered Level 10 of the Dungeon
 11758 | D:10     | Found Hojeukhly's Neck Hole.
 11762 | D:10     | Bought an amulet of magic regeneration for 480 gold pieces
 11772 | D:10     | Found a radiant altar of Vehumet.
 11803 | D:10     | Reached skill level 11 in Spellcasting
 11911 | D:10     | Reached **** piety under Ashenzari
 11989 | D:10     | Reached skill level 10 in Dodging
 12023 | D:10     | Reached skill level 1 in Translocations
 12247 | D:10     | Noticed a two-headed ogre
 12253 | D:10     | Killed a two-headed ogre
 12254 | D:10     | Reached skill level 1 in Ice Magic
 12660 | D:10     | Found a staircase to the Orcish Mines.
 12902 | D:11     | Noticed Josephine
 13120 | D:11     | Reached skill level 5 in Fighting
 13133 | D:11     | Killed Josephine
 13261 | D:11     | Found Xetsam's Tremendous Tomes.
 13336 | D:11     | Noticed a boulder beetle
 13375 | D:11     | Killed a boulder beetle
 13376 | D:11     | Reached XP level 12. HP: 44/68 MP: 10/29
 13712 | Lair:1   | Entered Level 1 of the Lair of Beasts
 13774 | Lair:1   | Reached skill level 10 in Earth Magic
 14077 | Lair:1   | Noticed Amaemon
 14086 | Lair:1   | Killed Amaemon
 14089 | Lair:1   | Reached skill level 12 in Spellcasting
 14657 | Lair:2   | Noticed an eight-headed hydra
 14665 | Lair:2   | Killed an eight-headed hydra
 15797 | Lair:2   | Noticed Urug
 15805 | Lair:2   | Killed Urug
 16412 | Lair:2   | Learned a level 3 spell: Ozocubu's Armour
 16416 | Lair:2   | Learned a level 3 spell: Hailstorm
 16480 | Lair:3   | Noticed a death yak
 16484 | Lair:3   | Noticed a death yak
 16580 | Lair:3   | Found a hole to the Spider Nest.
 16783 | Lair:3   | Noticed a death yak
 16802 | Lair:3   | Killed a death yak
 16813 | Lair:3   | Killed a death yak
 16814 | Lair:3   | Reached skill level 1 in Air Magic
 16833 | Lair:3   | Killed a death yak
 17004 | Lair:3   | Learned a level 4 spell: Iskenderun's Mystic Blast
 17010 | Lair:3   | Learned a level 5 spell: Freezing Cloud
 17572 | Lair:4   | Reached skill level 10 in Conjurations
 17778 | Lair:4   | Reached XP level 13. HP: 78/78 MP: 28/33
 17855 | Lair:4   | Noticed Sonja
 17857 | Lair:4   | Killed Sonja
 17944 | Lair:4   | Found a staircase to the Slime Pits.
 18107 | Lair:4   | Reached skill level 13 in Spellcasting
 18492 | Lair:4   | Found a runed translucent door.
 18672 | Lair:5   | Entered Level 5 of the Lair of Beasts
 19148 | Lair:5   | Reached ***** piety under Ashenzari
 19872 | D:12     | Noticed Fannar
 19885 | D:12     | Killed Fannar
 20320 | D:12     | Reached skill level 5 in Ice Magic
 21142 | Orc:1    | Entered Level 1 of the Orcish Mines
 21384 | Orc:2    | Entered Level 2 of the Orcish Mines
 21421 | Orc:1    | Learned a level 2 spell: Lesser Beckoning
 21428 | Orc:1    | Learned a level 6 spell: Dispersal
 21614 | Orc:2    | Found Xukoklor's Magic Scroll Boutique.
 21622 | Orc:1    | Found Sohac's Antique Armour Emporium.
 21629 | Orc:1    | Reached skill level 14 in Spellcasting
 21758 | Orc:2    | Bought a scroll of acquirement for 832 gold pieces
 21758 | Orc:2    | Bought a scroll of teleportation for 48 gold pieces
 21762 | Orc:2    | Acquired the +1 helmet of Uskayaw's Grace {rN+ Int+3}
 21805 | Orc:2    | Reached XP level 14. HP: 87/87 MP: 19/36
 21960 | Orc:2    | Paralysed by an orc sorcerer for 5 turns
 21997 | Orc:2    | Found Duwajeca's Armour Emporium.
 21999 | Orc:2    | Found Zyog's Jewellery Emporium.
 22058 | Orc:2    | Found Ketturi's Antique Armour Shoppe.
 22062 | Orc:2    | Found Lasigaq's Magic Scroll Shoppe.
 22646 | Orc:2    | Found a staircase to the Elven Halls.
 22701 | Orc:2    | Upgraded the game from 0.31-a0-1127-ge7b2bbabab to
                  | 0.31-a0-1139-gec03705108
 22877 | Lair:2   | Found a staircase to the Swamp.
 22992 | Swamp:1  | Entered Level 1 of the Swamp
 23305 | Lair:2   | Killed from afar by a will-o-the-wisp

Illustrated notes

Levels and vault maps discovered:
D:1:      lemuel_arrival_room, layout_loops_ring, ebering_ecumenical_altar_mist,
          grunt_decor_mini_mirrors
D:2:      layout_basic, serial_shops, nicolae_shop_tiny_statue_garden,
          kennysheep_generic_room_6, uniq_natasha, uniq_sigmund
D:3:      layout_basic, mainiacjoe_overflow_24_doors,
          mainiacjoe_overflow_catwalk_spiral, minivault_26, uniq_jessica
D:4:      layout_gridville, minmay_fountain_box, grunt_ministairs_10,
          roderic_serpentine_path, minmay_goblin_kobold_house,
          uniq_crazy_yiuf_cottage
D:5:      layout_rooms, mainiacjoe_overflow_alcove_2,
          lemuel_mausoleum_altar_kikubaaqudgha, enter_ossuary_5, st_stairs_11
D:6:      layout_basic, minmay_starry_boxes, uniq_pikel, uniq_grinder
D:7:      layout_rooms, minmay_temple_entry_purple_smoke,
          serial_library_hellmonk_statue_hall, minmay_holes, uniq_jeremiah,
          uniq_menkaure
D:8:      layout_loops_corners, gammafunk_temple_overflow_statue, serial_shops,
          shop
D:9:      layout_loops_corners, due_lair_maze_entry_diamond, special_room
          [special_room_bee]
D:10:     layout_basic, vehumet_altar_wand_db, orc_0_dummy,
          nicolae_shop_sticking_my_neck_out
D:11:     layout_basic, nicolae_shop_i_like_big_books, uniq_josephine
D:12:     layout_cave_pods, uniq_fannar
Temple:   eino_narrow_crystal_temple
Lair:1:   layout_misc_corridors, chequers_serial_rivers_large_b, uniq_amaemon
Lair:2:   layout_small_grid, mainiacjoe_swamp_entry_lozenge_pond, uniq_urug
Lair:3:   layout_gridlike, spider_nest_entry_web_field, lemuel_fruit_tree
Lair:4:   layout_regular_city, minmay_slime_entry_oklob_enclosed,
          pf_torpor_hydra, uniq_sonja
Lair:5:   grunt_lair_end_beastmaster, layout_long_grid, serial_bayou_ford_a
Swamp:1:  layout_falls_marsh, nicolae_swamp_reclaimed_castle, swamp_pool_1_2,
          nicolae_swamp_tree_isthmus
Orc:1:    layout_caves, serial_shops, shop
Orc:2:    st_orc_mages, layout_diamond_mine, serial_shops, nicolae_diamond_shop

Skill      XL: |  1  2  3  4  5  6  7  8  9 10 11 12 13 14 |
---------------+-------------------------------------------+-----
Dodging        | 3 4 5 6 7 9 10 11 12 13 | 13.1
Stealth        | 3 4 5 6 7 8 9 |  9.0
Fighting       | 1 2 3 4 5 7 |  7.4
Spellcasting   | 4 5 6 7 8 10 11 12 14 | 14.3
Transmutations | 2 3 4 5 |  5.0
Earth Magic    | 4 5 6 7 8 9 11 12 | 12.3
Conjurations   | 1 3 4 5 7 8 10 11 | 11.5
Translocations | 2 3 |  3.8
Ice Magic      | 2 3 5 |  5.5
Air Magic      | 1 3 |  3.7

Action                     |  1- 3 |  4- 6 |  7- 9 | 10-12 | 13-15 || total
---------------------------+-------+-------+-------+-------+-------++-------
  Melee: Dagger            |     1 |       |    17 |    37 |    11 ||    66
         Punch             |       |       |     1 |       |       ||     1
   Cast: Sandblast         |    40 |    84 |   207 |    76 |       ||   407
         Stone Arrow       |       |       |     5 |   314 |   275 ||   594
         Brom's Barrelling |       |       |       |    59 |     7 ||    66
         Petrify           |       |       |       |     9 |     1 ||    10
         Blink             |       |       |       |     3 |       ||     3
         Passwall          |       |       |       |     3 |       ||     3
         Freezing Cloud    |       |       |       |       |    45 ||    45
         Iskenderun's Myst |       |       |       |       |    20 ||    20
         Ozocubu's Armour  |       |       |       |       |     2 ||     2
         Lesser Beckoning  |       |       |       |       |     2 ||     2
         Hailstorm         |       |       |       |       |     1 ||     1
 Invoke: Curse Item        |     1 |     1 |     1 |     5 |     3 ||    11
         Shatter the Chain |       |     1 |       |       |     2 ||     3
  Evoke: Lightning rod     |       |       |       |       |     1 ||     1
    Use: Scroll            |     4 |     5 |     1 |     5 |     2 ||    17
         Potion            |       |       |     2 |     5 |     3 ||    10
   Stab: Sleeping          |     1 |       |     7 |     1 |       ||     9
         Petrified         |       |       |       |     5 |       ||     5
         Petrifying        |       |       |       |     2 |       ||     2
 Armour: Robe              |     6 |    20 |    95 |   139 |    83 ||   343
  Dodge: Dodged            |    10 |    28 |   100 |   192 |    88 ||   418

Table legend: (Time is in decaauts)
 A = Elapsed time spent in this place.
 B = Non-inter-level travel time spent in this place.
 C = Inter-level travel time spent in this place.
 D = Time resting spent in this place.
 E = Time spent auto-exploring this place.
 F = Levels seen in this place.
 G = Mean time per level.
                   A        B        C        D        E       F      G
               +--------+--------+--------+--------+--------+-----+--------+
         Total |  23568 |  22346 |   1222 |   3827 |  14903 |  22 | 1071.3 |
       Dungeon |  14857 |  14116 |    741 |   2259 |   9705 |  12 | 1238.1 |
        Temple |      1 |      1 |      0 |      0 |      0 |   1 |    1.0 |
          Lair |   6616 |   6259 |    357 |   1267 |   4138 |   5 | 1323.2 |
         Swamp |     20 |     20 |      0 |      0 |      0 |   1 |   20.0 |
  Orcish Mines |   1629 |   1506 |    123 |    224 |    904 |   2 |  814.5 |
       Ossuary |    441 |    441 |      0 |     77 |    156 |   1 |  441.0 |
               +--------+--------+--------+--------+--------+-----+--------+

Top non-repeatable levels by time:
  Lair:2: 2402 daAuts
     D:8: 1892 daAuts
     D:9: 1746 daAuts
     D:6: 1603 daAuts
  Lair:4: 1327 daAuts
    D:12: 1229 daAuts
     D:2: 1175 daAuts
     D:1: 1142 daAuts
     D:4: 1134 daAuts
    D:10: 1133 daAuts
   Orc:2: 1051 daAuts
  Lair:5: 1038 daAuts
     D:7: 1030 daAuts
     D:5: 979 daAuts
    D:11: 954 daAuts
